 Dungeon Crawl Stone Soup version 0.23-a0-586-gacb4b3f4ce (webtiles) character file.

578 Adamkad1 the Skirmisher (level 7, 0/60 HPs)
             Began as a Minotaur Skald on Dec 19, 2018.
             Slain by Prince Ribbit (9 damage)
             ... on level 4 of the Dungeon.
             The game lasted 00:08:16 (5022 turns).

Adamkad1 the Skirmisher (Minotaur Skald)            Turns: 5022, Time: 00:08:17

Health: 0/60       AC:  9    Str: 15    XL:     7   Next: 13%
Magic:  9/9        EV: 13    Int:  8    God:
Gold:   208        SH:  0    Dex: 12    Spells: 3/11 levels left

rFire    . . .     SeeInvis .   a - +0 falchion
rCold    . . .     Gourm    .   (no shield)
rNeg     . . .     Faith    .   b - +0 leather armour
rPois    .         Spirit   .   (helmet restricted)
rElec    .         Reflect  .   k - +2 cloak
rCorr    .         Harm     .   (no gloves)
MR       .....                  (no boots)
Stlth    +.........             (no amulet)
HPRegen  0.20/turn              o - +3 ring of protection
MPRegen  0.11/turn              p - -2 ring of intelligence (curse)

@: very slightly contaminated, invisible
A: retaliatory headbutt, horns 2
a: no special abilities


You were on level 4 of the Dungeon.
You were not hungry.

You visited 1 branch of the dungeon, and saw 5 of its levels.

You collected 208 gold pieces.

Inventory:

Hand Weapons
 a - a +0 falchion (weapon)
Armour
 b - a +0 leather armour (worn)
 k - a +2 cloak (worn)
Jewellery
 o - a +3 ring of protection (left hand)
 p - a cursed -2 ring of intelligence (right hand)
 q - an uncursed amulet of harm {unknown}
Wands
 i - a wand of flame (19)
Scrolls
 e - a scroll of identify
 f - 2 scrolls of blinking
 j - 3 scrolls of teleportation
 m - 2 scrolls of amnesia {unknown}
 r - a scroll of magic mapping
 s - a scroll of remove curse {unknown}
Potions
 g - a potion of curing
 l - 3 potions of agility {unknown}
 n - 2 potions of lignification
Comestibles
 c - 2 chunks of flesh
 d - 11 rations


   Skills:
 * Level 4.5 Fighting
 * Level 4.4 Long Blades
 + Level 2.8 Armour
 * Level 4.0 Dodging
 * Level 2.6 Spellcasting
 * Level 2.9 Charms
 + Level 0.6 Necromancy


You had 3 spell levels left.
You knew the following spells:

 Your Spells              Type           Power        Failure   Level  Hunger
a - Infusion              Chrm           #...         13%         1    ##.....
b - Shroud of Golubria    Chrm/Tloc      #.........   34%         2    ###....
c - Song of Slaying       Chrm           #.......     19%         2    ###....
d - Regeneration          Chrm/Necr      #.........   52%         3    ####...

Your spell library contained the following spells:

 Spells                   Type           Power        Failure   Level  Hunger
 Spectral Weapon          Hex/Chrm       #.......     56%         3    ####...


Dungeon Overview and Level Annotations

Branches:
Dungeon (5/15)
 Temple: D:4-7

Altars:
Dithmenos

Annotations:
D:4 3 runed doors, Prince Ribbit; RKaid's ghost, amateur HuCK


Innate Abilities, Weirdness & Mutations

You reflexively headbutt those who attack you in melee.
You have a pair of horns on your head.


Message History

Prince Ribbit blinks!
Prince Ribbit lets out a mournful croak.
You fade into invisibility!
You are very lightly contaminated with residual magic.
Prince Ribbit misses you. Prince Ribbit barely misses you.
You furiously retaliate!
You headbutt Prince Ribbit.
Prince Ribbit hops awkwardly around.
Prince Ribbit hits you.
* * * LOW HITPOINT WARNING * * *
There is a stone staircase leading down here.
You feel better. Prince Ribbit completely misses you. You furiously retaliate!
You headbutt Prince Ribbit. Prince Ribbit completely misses you.
You furiously retaliate!
You headbutt Prince Ribbit.
You riposte.
You miss Prince Ribbit.
Prince Ribbit is moderately wounded.
Prince Ribbit catches a centipede with his tongue.
Prince Ribbit catches a centipede with his tongue.
Prince Ribbit hits you!
You die...

..#...........###........##...#..
...............#......#..........
...............#....#.##....##.##
#..........##.....###...........#
#......##.##......# #.###........
#.............##.####...###.....#
.............##...>.##..........#
........(.......F##.............#
.........##.....@##.............#
...##....................#.....##
....#...#...#....................
........##.##....................
........##....................###
.#####..#..>#..................##
.####.......#....##.....#........
.......#.)..#...........##.......
..##...#.............#...#.......


You could see Prince Ribbit.

Vanquished Creatures
  A phantom (D:5)
  An ogre (D:5)
  A scorpion (D:4)
  An orc wizard (D:3)
  A hound (D:4)
  Terence (D:3)
  An iguana (D:4)
  2 worker ants
  Robin (D:3)
  4 gnolls
  7 adders
  An ooze (D:1)
  2 worms (D:2)
  A dart slug (D:1)
  A leopard gecko (D:1)
  7 orcs
  2 ball pythons (D:1)
  2 giant cockroaches
  8 goblins
  9 hobgoblins
  3 jackals (D:1)
  2 quokkas
  11 bats
  A frilled lizard (D:3)
  12 kobolds
  8 rats
91 creatures vanquished.

Notes
Turn   | Place    | Note
-------+----------+-------------------------------------------
     0 | D:1      | Adamkad1 the Minotaur Skald began the quest for the Orb.
     0 | D:1      | Reached XP level 1. HP: 18/18 MP: 1/1
   363 | D:1      | Reached XP level 2. HP: 25/25 MP: 3/3
   772 | D:1      | Reached XP level 3. HP: 26/31 MP: 4/4
  1208 | D:2      | Found a shadowy altar of Dithmenos.
  1609 | D:2      | Learned a level 2 spell: Shroud of Golubria
  1612 | D:2      | Learned a level 2 spell: Song of Slaying
  1656 | D:2      | Reached XP level 4. HP: 37/38 MP: 5/5
  2244 | D:3      | Noticed Terence
  2258 | D:3      | Killed Terence
  2450 | D:3      | Reached XP level 5. HP: 30/45 MP: 2/7
  2643 | D:3      | Noticed Robin
  2769 | D:3      | Killed Robin
  3803 | D:2      | Learned a level 3 spell: Regeneration
  4114 | D:4      | Found a runed gate.
  4114 | D:4      | Found a runed gate.
  4114 | D:4      | Found a runed gate.
  4118 | D:4      | Noticed RKaid's ghost (amateur HuCK)
  4182 | D:4      | Reached XP level 6. HP: 48/52 MP: 4/8
  4655 | D:5      | Entered Level 5 of the Dungeon
  4863 | D:5      | Reached XP level 7. HP: 60/60 MP: 3/9
  4958 | D:5      | Noticed Prince Ribbit
  5001 | D:4      | HP: 3/60 [Prince Ribbit (15)]
  5017 | D:4      | HP: 3/60 [Prince Ribbit (4)]
  5022 | D:4      | Slain by Prince Ribbit

Vault maps used:
D:1:      lightli_arrival_statue_moat
D:2:      lemuel_round_altar, first_ration, minmay_split_cup_large
D:3:      uniq_robin, uniq_terence
D:4:      gammafunk_ghost_split, minmay_misc_feat_roman
D:5:      minmay_octagon_keep, uniq_prince_ribbit1

Skill      XL: |  1  2  3  4  5  6 |
---------------+-------------------+-----
Fighting       | 3 4 |  4.5
Long Blades    | 3 4 |  4.4
Dodging        | 3 4 |  4.0
Spellcasting   | 2 |  2.6
Armour         | 2 |  2.8
Charms         | |  2.9
Necromancy     | |  0.6

Action                   |  1- 3 |  4- 6 |  7- 9 || total
-------------------------+-------+-------+-------++-------
Melee: Falchion          |    95 |   160 |     6 ||   261
       Headbutt          |    10 |    27 |     1 ||    38
 Cast: Infusion          |     3 |    13 |     2 ||    18
       Shroud of Golubri |       |     1 |     1 ||     2
  Use: Scroll            |       |     5 |       ||     5
       Potion            |       |     4 |     2 ||     6
 Stab: Sleeping          |     1 |       |       ||     1
  Eat: Chunk             |     3 |    10 |     1 ||    14
Armor: Leather armour    |    19 |    46 |     2 ||    67
Dodge: Dodged            |    66 |   109 |    10 ||   185
       Rpst.: Falchion   |    13 |    39 |     2 ||    54

Table legend:
 A = Non-vault XP
 B = Vault XP
 C = Vault XP percentage of total XP
 D = Non-vault monster count
 E = Vault monster count
 F = Vault count percentage of total count
                 A         B        C        D         E       F
            +---------+---------+-------+---------+---------+-------
      Total |     590 |     236 |  28.6 |      75 |      16 |  17.6
            +---------+---------+-------+---------+---------+-------
        D:1 |      48 |       0 |   0.0 |      24 |       0 |   0.0
        D:2 |      97 |      19 |  16.4 |      21 |       9 |  30.0
        D:3 |     101 |      52 |  34.0 |      20 |       3 |  13.0
        D:4 |     210 |       0 |   0.0 |       8 |       0 |   0.0
        D:5 |     134 |     165 |  55.2 |       2 |       4 |  66.7
            +---------+---------+-------+---------+---------+-------
